 Dungeon Crawl Stone Soup version 0.20-a0-539-g174d061 (webtiles) character file.

23 MackTheKnife the Skirmisher (level 3, 0/31 HPs)
             Began as a Barachian Wanderer on Jan 29, 2017.
             Succumbed to an adder's poison
             ... on level 1 of the Dungeon.
             The game lasted 00:01:29 (1368 turns).

MackTheKnife the Skirmisher (Barachian Wanderer)    Turns: 1368, Time: 00:01:29

Health: 0/31       AC:  2    Str:  9    XL:     3   Next: 0%
Magic:  3/3        EV: 11    Int: 10    God:
Gold:   21         SH:  0    Dex: 12    Spells: 2/2 levels left

rFire    . . .     SeeInvis .   e - -1 mace (curse)
rCold    . . .     Gourm    .   d - +0 robe
rNeg     . . .     Faith    .   (no shield)
rPois    .         Spirit   .   (no helmet)
rElec    .         Reflect  .   (no cloak)
rCorr    .         Harm     .   (no gloves)
MR       .....                  (no boots)
Stlth    ++........             (no amulet)
Regen    0.1/turn               (no ring)
                                (no ring)

@: lethally poisoned (0 -> -15), slow
A: swims, slowness 1, strong legs 1
a: Hop


You were on level 1 of the Dungeon.
You were hungry.

You visited 1 branch of the dungeon, and saw 1 of its levels.

You collected 21 gold pieces.

Inventory:

Hand Weapons
 a - a +2 hand axe
 e - a cursed -1 mace (weapon)
   (You found it on level 1 of the Dungeon)
Armour
 d - a +0 robe (worn)
Potions
 c - a potion of lignification {!q}
Comestibles
 b - a royal jelly
 f - a bread ration {@e1}
 g - a meat ration {@e2}


   Skills:
 - Level 4.3 Fighting
   Level 2.1 Long Blades
 + Level 2.8 Axes
 - Level 1.0 Dodging
 - Level 1.0 Stealth
   Level 1.0 Evocations


You had 2 spell levels left.
You didn't know any spells.

Dungeon Overview and Level Annotations

Branches:
Dungeon (1/15)

Altars:


Innate Abilities, Weirdness & Mutations

You can swim through water.
You cover ground slowly.
You can hop short distances.


Message History

A goblin is nearby!
A goblin is nearby!
The goblin shouts!
You hit the goblin. The goblin hits you but does no damage.
The goblin closely misses you.
You closely miss the goblin. The goblin hits you with a dagger.
You take 1 damage, and have 25/26 hp.
You hit the goblin but do no damage. The goblin hits you with a dagger.
You take 4 damage, and have 21/26 hp.
You closely miss the goblin. The goblin hits you but does no damage.
The goblin barely misses you.
You barely miss the goblin. The goblin misses you.
You thump the goblin!
You kill the goblin!
No target in view!
No target in view!
There is an open door here.
As you open the door, it creaks loudly!
A kobold comes into view.
The kobold shouts!
You hear a bark!
You regained 2 hp, and now have 23/26 hp.
A kobold is nearby!
A kobold is nearby!
There is an open door here.
You closely miss the kobold. The kobold hits you.
You take 2 damage, and have 21/26 hp.
You hit the kobold but do no damage. The kobold misses you.
You hit the kobold.
You kill the kobold!
You have reached level 3!
Your experience leads to an increase in your attributes!
Increase (S)trength, (I)ntelligence, or (D)exterity?
You feel stronger.
You regained 4 hp, and now have 25/31 hp.
MP restored: 3 You start resting.
All of the chunks of flesh in your inventory have rotted away.
You are feeling hungry.
You regained 4 hp, and now have 29/31 hp.
You see here a kobold corpse.
A jackal comes into view.
You see here a kobold corpse.
Health restored: 31 A jackal is nearby!
A jackal is nearby!
A jackal is nearby!
The jackal moves out of view.
You see here a kobold corpse.
There is an open door here.
An adder is nearby!
An adder is nearby!
The adder hisses angrily.
A jackal comes into view.
The jackal barks!
You hit the adder but do no damage. The adder closely misses you.
The adder barely misses you.
You hit the adder but do no damage. The adder bites you but does no damage.
The adder bites you.
You take 4 damage, and have 27/31 hp.
You hit the adder. The adder bites you.
You are poisoned.
The adder poisons you!
You take 3 damage, and have 24/31 hp.
You hit the adder.
You feel sick. The adder barely misses you. x2
You take 1 damage, and have 23/31 hp.
You hit the adder but do no damage.
You feel sick. The adder barely misses you. The adder bites you.
You take 4 damage, and have 19/31 hp.
You hit the adder. The adder bites you.
You are more poisoned.
The adder poisons you!
You take 4 damage, and have 15/31 hp.
You closely miss the adder.
You feel sick. The adder bites you. The adder misses you.
You take 4 damage, and have 11/31 hp.
You closely miss the adder.
You feel sick. The adder bites you but does no damage.
The adder barely misses you.
You take 1 damage, and have 10/31 hp.
Unknown command.
Welcome back, MackTheKnife the Barachian Wanderer.
You barely miss the adder.
* * * LOW HITPOINT WARNING * * *
You feel sick. The adder barely misses you. The adder bites you.
* * * LOW HITPOINT WARNING * * *
You are more poisoned.
The adder poisons you!
You hit the adder.
* * * LOW HITPOINT WARNING * * *
You feel sick. The adder bites you.
* * * LOW HITPOINT WARNING * * *
You hit the adder.
* * * LOW HITPOINT WARNING * * *
You feel sick. The adder bites you.
* * * LOW HITPOINT WARNING * * *
You are more poisoned.
The adder poisons you! The adder closely misses you.
You take 8 damage, and have 2/31 hp.
MASSIVE DAMAGE!!
You miss the adder.
You die...

############## #............#
#.##########.#
########.##########.### ####
................ .....## #...
###########.##########.#..####...
................@Sh..............
....#######.#######....#...#.....
..............h.)...........)....
.....######.#######.S..#...#.#...
.....# ###'#### #....#.........
.....####......####....##...#....
.......##...........#...#........
###....##...............##.....#.
#....##............#...#.....#.


You could see an adder and a jackal.

Vanquished Creatures
  2 dart slugs (D:1)
  2 giant cockroaches (D:1)
  5 goblins (D:1)
  3 hobgoblins (D:1)
  2 kobolds (D:1)
  2 ball pythons (D:1)
  2 rats (D:1)
18 creatures vanquished.

Notes
Turn   | Place    | Note
-------+----------+-------------------------------------------
     0 | D:1      | MackTheKnife the Barachian Wanderer began the quest for the Orb.
     0 | D:1      | MackTheKnife set off with: a +2 hand axe, a +0 falchion, a potion of lignification {!q}, a +0 robe, a bread ration {@e1}
     0 | D:1      | Reached XP level 1. HP: 20/20 MP: 1/1
   361 | D:1      | Reached skill level 2 in Axes
   361 | D:1      | Reached XP level 2. HP: 23/26 MP: 2/2
  1262 | D:1      | Reached XP level 3. HP: 25/31 MP: 3/3
  1366 | D:1      | HP: 6/31 [poisoned by an adder]
  1367 | D:1      | HP: 2/31 [adder (2)]
  1368 | D:1      | Succumbed to an adder's poison

Vault maps used:
D:1:      lightli_arrival_maybe_door_vault

Skill      XL: |  1 |
---------------+----+-----
Axes           | 2 |  2.8
Fighting       | |  4.3
Long Blades    | |  2.1
Dodging        | |  1.0
Stealth        | |  1.0
Evocations     | |  1.0

Action                   || total
-------------------------++-------
Melee: Hand axe          ||    19
       Mace              ||    71
  Eat: Chunk             ||     1
Armor: Robe              ||    17
Dodge: Dodged            ||    65

Vault maps used:
D:1:      lightli_arrival_maybe_door_vault

Table legend:
 A = Turns spent in this place as a percentage of turns spent in the entire game.
 B = Non-inter-level travel turns spent in this place as a percentage of non-inter-level travel turns spent in the entire game.
 C = Inter-level travel turns spent in this place as a percentage of turns spent in this place.
 D = Turns resting spent in this place as a percentage of non-inter-level travel turns spent in this place.
 E = Turns spent auto-exploring this place as a percentage of non-inter-level travel turns spent in this place.
 F = Non-inter-level travel turns spent in this place divided by the number of levels of this place that you've seen.
                   A       B       C       D       E      F
               +-------+-------+-------+-------+-------+----------------------
         Total | 100.0 | 100.0 |   0.0 |   6.1 |   3.7 | 294.0
       Dungeon | 100.0 | 100.0 |   0.0 |   6.1 |   3.7 | 294.0
               +-------+-------+-------+-------+-------+----------------------

Table legend:
 A = Kills in this place as a percentage of kills in entire the game.
 B = Kills by you in this place as a percentage of kills by you in the entire game.
 C = Kills by friends in this place as a percentage of kills by friends in the entire game.
 D = Other kills in this place as a percentage of other kills in the entire game.
 E = Experience gained in this place as a percentage of experience gained in the entire game.
 F = Experience gained in this place divided by the number of levels of this place that you have seen.
                   A       B       C       D       E      F
               +-------+-------+-------+-------+-------+----------------------
         Total | 100.0 | 100.0 |  -nan |  -nan | 100.0 |  34.0
       Dungeon | 100.0 | 100.0 |  -nan |  -nan | 100.0 |  34.0
               +-------+-------+-------+-------+-------+----------------------
